 Dungeon Crawl Stone Soup version 0.30.1-4-g462c640d31 (webtiles) character file.

Game seed: 10491075211484583645

1024 DildoBatman the Conjurer (level 8, -4/61 HPs)
             Began as a Formicid Conjurer on Sept 15, 2023.
             Was a Follower of Kikubaaqudgha.
             Slain by an orc
             ... wielding a +0 mace
              (6 damage)
             ... on level 5 of the Dungeon.
             The game lasted 00:16:24 (5394 turns).

DildoBatman the Conjurer (Formicid Conjurer)        Turns: 5394, Time: 00:16:25

Health: -4/61      AC: -1    Str: 13    XL:     8   Next: 46%
Magic:  15/15      EV: 11    Int: 19    God:    Kikubaaqudgha [*.....]
Gold:   106        SH:  0    Dex: 12    Spells: 13/16 levels left

rFire   + . .        a - +1 rapier (speed)
rCold   . . .        (no shield)
rNeg    . . .        s - +2 ring mail {rF+}
rPois   .            (helmet unavailable)
rElec   .            r - +0 cloak
rCorr   .            (no gloves)
SInv    +            m - +0 pair of boots
Will    +....        (no amulet)
Stlth   +            h - ring of willpower
HPRegen 0.30/turn    (no ring)
MPRegen 0.14/turn

%: no passive effects
@: corroded
A: permanent stasis, dig shafts and tunnels, antennae 3, four strong arms
a: Dig, Shaft Self, Renounce Religion, Unearth Wretches


You were on level 5 of the Dungeon.
You worshipped Kikubaaqudgha.
Kikubaaqudgha was aware of your devotion.
You visited 2 branches of the dungeon, and saw 6 of its levels.

You collected 259 gold pieces.
You spent 153 gold pieces at shops.

Inventory:

Hand Weapons
 a - a +1 rapier of speed (weapon)
 c - a +0 sling
Missiles
 d - 3 silver boomerangs
 j - 19 poisoned darts
 o - 6 atropa-tipped darts
Armour
 m - a +0 pair of boots (worn)
 r - a +0 cloak (worn)
 s - a +2 ring mail of fire resistance (worn)
Magical Staves
 b - a staff of conjuration
Jewellery
 h - a ring of willpower (left hand)
Scrolls
 k - a scroll of vulnerability
 q - a scroll of brand weapon
 w - a scroll of noise {unknown}
 x - a scroll of poison {unknown}
 z - 2 scrolls of identify
Potions
 e - 4 potions of brilliance
 f - 5 potions of curing {unknown}
 g - 3 potions of flight {unknown}
 i - a potion of heal wounds
 l - a potion of magic
 n - 3 potions of might {unknown}
 p - 2 potions of attraction {unknown}
 t - 2 potions of mutation {unknown}
 u - 3 potions of ambrosia {unknown}
 v - a potion of degeneration {unknown}


   Skills:
 * Level 4.5 Fighting
 * Level 4.6 Armour
 - Level 3.0 Dodging
 - Level 3.0 Stealth
 * Level 4.8 Spellcasting
 * Level 5.3 Conjurations


You had 13 spell levels left.
You knew the following spells:

 Your Spells              Type           Power      Damage    Failure   Level
a - Searing Ray           Conj           50%        2d6       4%          2
c - Magic Dart            Conj           100%       1d8       2%          1

Your spell library contained the following spells:

 Spells                   Type           Power      Damage    Failure   Level
 Kiss of Death            Conj/Necr      56%        2d9       9%          1
 Necrotise                Necr           16%        1d4       26%         1
 Dazzling Flash           Conj/Hex       28%        N/A       26%         3
 Cigotuvi's Dreadful Rot  Necr/Pois/Air  8%         N/A       36%         2
 Sublimation of Blood     Necr           4%         N/A       36%         2
 Ignite Poison            Fire/Tmut/Pois 4%         N/A       58%         3
 Fulminant Prism          Conj/Hex       7%         3d7       63%         4
 Iskenderun's Mystic Bla  Conj/Tloc      14%        2d5       63%         4
 Animate Dead             Necr           4%         N/A       94%         4
 Freezing Cloud           Conj/Ice/Air   5%         6-21      97%         5


Dungeon Overview and Level Annotations

Branches:
Dungeon (5/15)             Temple (1/1) D:4

Altars:
Ashenzari
Cheibriados
Dithmenos
Elyvilon
Fedhas
Hepliaklqana
Kikubaaqudgha
Makhleb
Okawaru
Qazlal
Ru
Sif Muna
Trog
Uskayaw
Vehumet
Wu Jian
Xom
Yredelemnul
Zin

Shops:
D:2 *

Annotations:
D:1 exclusion: iron imp


Innate Abilities, Weirdness & Mutations

You cannot be hasted, slowed, berserked, paralysed or teleported.
You can dig through walls and to a lower floor.
You have a pair of large antennae on your head. (SInv)
Your four strong arms can wield two-handed weapons with a shield.


Message History

The orc wizard shouts!
You hit the orc.
The orc is lightly wounded.
The orc barely misses you. The hound bites you.
You hit the orc but do no damage.
The orc is lightly wounded.
The hound closely misses you. The orc closely misses you.
You closely miss the orc.
The orc is lightly wounded.
The hound bites you.
The orc wizard gestures wildly while chanting.
The orc wizard flickers and vanishes for a moment.
The orc barely misses you.
You hit the orc.
The orc is moderately wounded.
The hound barely misses you.
You hit the orc but do no damage.
The orc is moderately wounded.
The hound closely misses you. The orc hits you with a +0 mace.
You hit the orc but do no damage.
The orc is lightly wounded.
The hound barely misses you. The orc wizard closely misses you.
The orc barely misses you. The hound bites you.
You hit the orc but do no damage.
The orc is lightly wounded.
The hound bites you.
The orc wizard hits you with a +0 dagger. x2
The orc hits you with a +0 mace.
You hit the orc but do no damage.
The orc is lightly wounded.
The hound bites you.
The orc wizard hits you with a +0 dagger. x2
The orc hits you with a +0 mace.
You die...
Kikubaaqudgha rasps: "You have failed me!
Welcome... death!"

##~.)..........#
≈~..####.......# ≈~..#
#.......# ##~.#
#.......#
..#.####.......#######
⌠.#.........#........#
..#.#########........#
##..# #........# ....#
#.(o@....# ..###
#...hoo...# ###
#..#.oo...#
............#
....:.......#
............#
............#
###+#......#


You could see a hound, 3 orc wizards and 2 orcs.

Vanquished Creatures
  Eustachio (D:4)
  Menkaure (D:4)
  A black bear (D:5)
  An ogre (D:5)
  3 scorpions
  A jelly (D:5)
  A gnoll bouda (D:5)
  2 hounds
  Natasha (thrice) (D:2)
  7 gnolls
  9 adders
  A worm (D:2)
  A dart slug (D:3)
  2 orcs
  4 bats
  5 endoplasms
  4 giant cockroaches
  5 hobgoblins
  2 jackals (D:3)
  3 quokkas
  9 ball pythons
  4 frilled lizards
  6 goblins
  4 kobolds
  3 rats (D:2)
83 creatures vanquished.

Notes
Turn   | Place    | Note
-------+----------+-------------------------------------------
     0 | D:1      | DildoBatman the Formicid Conjurer began the quest for the
                  | Orb.
     0 | D:1      | Reached XP level 1. HP: 13/13 MP: 3/3
   340 | D:1      | Reached XP level 2. HP: 19/19 MP: 1/5
   343 | D:1      | Learned a level 2 spell: Searing Ray
   743 | D:1      | Found a faded altar of an unknown god.
   951 | D:2      | Found Sixizaex's Assorted Antiques.
   956 | D:2      | Bought a scroll labelled APAEDA YRETAD for 27 gold pieces
  1072 | D:2      | Reached XP level 3. HP: 25/25 MP: 2/6
  1098 | D:2      | Reached skill level 1 in Armour
  1119 | D:2      | Noticed Natasha
  1451 | D:2      | Reached skill level 1 in Fighting
  1739 | D:3      | Reached XP level 4. HP: 32/32 MP: 4/7
  2686 | D:2      | Bought a scroll labelled UXKAAFIMESS for 27 gold pieces
  2686 | D:2      | Bought a scroll labelled GUNUKH HUKO for 27 gold pieces
  2754 | D:4      | Noticed Menkaure
  2888 | D:4      | Reached skill level 4 in Conjurations
  2916 | D:4      | Reached XP level 5. HP: 38/38 MP: 5/9
  3229 | D:4      | Found an iron altar of Okawaru.
  3329 | D:4      | Found a shimmering altar of Xom.
  3596 | D:4      | Found a staircase to the Ecumenical Temple.
  3606 | Temple   | Entered the Ecumenical Temple
  3612 | Temple   | Became a worshipper of Kikubaaqudgha
  3634 | D:4      | Noticed Eustachio
  3829 | D:2      | Killed Natasha
  3830 | D:2      | Reached XP level 6. HP: 44/44 MP: 6/10
  4156 | D:2      | Noticed Natasha
  4160 | D:2      | Killed Natasha
  4214 | D:2      | Noticed Natasha
  4221 | D:2      | Killed Natasha
  4287 | D:1      | You fall into a shaft and drop 1 floor!
  4290 | D:2      | You fall into a shaft and drop 1 floor!
  4317 | D:2      | Bought a clear potion for 24 gold pieces
  4317 | D:2      | Bought 2 fuming clear potions for 48 gold pieces
  4599 | D:4      | Killed Eustachio
  4600 | D:4      | Reached XP level 7. HP: 51/52 MP: 2/12
  4676 | D:4      | Killed Menkaure
  4950 | D:5      | Entered Level 5 of the Dungeon
  5126 | D:5      | Reached skill level 5 in Conjurations
  5126 | D:5      | Reached XP level 8. HP: 55/60 MP: 9/14
  5365 | D:5      | Reached * piety under Kikubaaqudgha
  5365 | D:5      | Received a gift from Kikubaaqudgha
  5394 | D:5      | HP: 2/61 [orc wizard/+0 dagger (4)]
  5394 | D:5      | Slain by an orc

Illustrated notes

Levels and vault maps discovered:
D:1:      roderic_crop_circles_arrival_small, layout_basic, serial_forest,
          infiniplex_forest_clump_tiny, infiniplex_forest_straight_4,
          infiniplex_forest_lined_room_3, infiniplex_forest_straight_4,
          infiniplex_forest_zigzag_1, infiniplex_forest_end_1,
          infiniplex_forest_clump_tiny, dreamdust_ecumenical_altar_sealed_demon
D:2:      layout_basic, serial_shops, nicolae_shop_hallway_stairs,
          minmay_hexomino_u4, uniq_natasha
D:3:      wad_pebble_path, layout_basic
D:4:      layout_loops_ring, mainiacjoe_overflow_catch_the_wave,
          minmay_temple_entry_ruins, uniq_eustachio, uniq_menkaure
D:5:      layout_basic, fountainhead
Temple:   sentei_temple_godly_chess

Skill      XL: |  1  2  3  4  5  6  7  8 |
---------------+-------------------------+-----
Dodging        | 2 3 |  3.0
Armour         | 1 2 3 4 |  4.6
Fighting       | 1 2 3 4 |  4.5
Stealth        | 3 |  3.0
Conjurations   | 4 5 |  5.3
Spellcasting   | 3 4 |  4.8

Action                     |  1- 3 |  4- 6 |  7- 9 || total
---------------------------+-------+-------+-------++-------
  Melee: Unarmed           |     6 |       |       ||     6
         Short sword       |     2 |       |       ||     2
         Spear             |    11 |       |       ||    11
         Quarterstaff      |       |    11 |       ||    11
         Punch             |       |     1 |     1 ||     2
         Rapier            |       |       |    44 ||    44
   Fire: Sling             |    16 |    39 |       ||    55
   Cast: Magic Dart        |    37 |    17 |     1 ||    55
         Searing Ray       |     3 |    21 |    10 ||    34
Ability: Shaft Self        |       |     2 |       ||     2
    Use: Scroll            |       |     4 |       ||     4
   Stab: Sleeping          |     1 |       |       ||     1
 Armour: Robe              |     6 |     2 |       ||     8
         Ring mail         |       |     5 |    16 ||    21
  Dodge: Dodged            |    24 |    22 |    23 ||    69
